 Dungeon Crawl Stone Soup version 0.24.0-123-gd5b16e6ec5 (webtiles) character file.

Game seed: 15222924148749500515, levelgen mode: deterministic

109 FishyPogo the Changer (level 4, -1/28 HPs)
             Began as an Octopode Transmuter on Jan 28, 2020.
             Slain by a hound (5 damage)
             ... on level 4 of the Dungeon.
             The game lasted 00:05:44 (1880 turns).

FishyPogo the Changer (Octopode Transmuter)         Turns: 1880, Time: 00:05:45

Health: -1/28      AC:  1    Str:  9    XL:     4   Next: 90%
Magic:  4/7        EV: 18    Int: 16    God:
Gold:   164        SH:  0    Dex: 12    Spells: 3/7 levels left

rFire    . . .     SeeInvis .     - Unarmed
rCold    . . .     Gourm    .   (no shield)
rNeg     . . .     Faith    .   (helmet restricted)
rPois    .         Spirit   .   (no amulet)
rElec    .         Reflect  .   f - +5 ring of evasion
rCorr    .         Harm     .   (no ring)
MR       .....                  (no ring)
Stlth    ++........             (no ring)
HPRegen  0.09/turn              (no ring)
MPRegen  0.10/turn              (no ring)
                                (no ring)
                                (no ring)

@: appendage, very slightly contaminated
A: almost no armour, stealthy swim, amphibious, 8 rings, constrict 8, tentacle
spike 3, camouflage 1, gelatinous body 1
a: End Transformation


You were on level 4 of the Dungeon.
You were hungry.
One of your tentacles had a temporary spike.
You visited 1 branch of the dungeon, and saw 4 of its levels.

You collected 164 gold pieces.

Inventory:

Missiles
 a - 49 arrows
 h - 94 stones (quivered)
Jewellery
 f - a +5 ring of evasion (left tentacle)
Scrolls
 b - a scroll of immolation {unknown}
 d - a scroll of magic mapping {unknown}
 e - a scroll of amnesia {unknown}
 i - 3 scrolls of identify {unknown}
 j - a scroll of teleportation {unknown}
 n - a scroll of enchant weapon {unknown}
 o - a scroll of noise {unknown}
 p - 2 scrolls of remove curse {unknown}
Potions
 g - 2 potions of haste
 l - a potion of mutation {unknown}
 m - a potion of brilliance {unknown}
Comestibles
 c - 5 rations
 k - 2 chunks of flesh


   Skills:
 - Level 1.0 Fighting
 - Level 2.0 Dodging
 - Level 3.0 Unarmed Combat
 - Level 2.0 Spellcasting
 + Level 4.9 Transmutations


You had 3 spell levels left.
You knew the following spells:

 Your Spells              Type           Power        Failure   Level  Hunger
u - Spider Form           Tmut/Pois      #.........   22%         3    ###....
y - Beastly Appendage     Tmut           ###...       2%          1    #......

Your spell library contained the following spells:

 Spells                   Type           Power        Failure   Level  Hunger
 Sticks to Snakes         Tmut           ###.....     4%          2    ###....
 Ice Form                 Ice/Tmut       #.......     58%         4    #####..
 Blade Hands              Tmut           ###.......   58%         5    ######.


Dungeon Overview and Level Annotations

Branches:
Dungeon (4/15)
 Temple: D:4-7

Altars:

Annotations:
D:3 Robin


Innate Abilities, Weirdness & Mutations

You cannot wear most types of armour.
You are very stealthy in the water. (Stealth+)
You are amphibious.
You can wear up to eight rings at the same time.
You can use your tentacles to constrict eight enemies at once.
Your skin changes colour to match your surroundings (Stealth+).
Your rubbery body absorbs attacks. (AC +1, EV +1)
One of your tentacles bears a large vicious spike.


Message History

You constrict the hound.
You are feeling hungry.
The hound bites you.
* * * LOW HITPOINT WARNING * * *
The hound closely misses you.
Unknown command.
You tentacle-slap the hound but do no damage.
The hound is moderately wounded.
You constrict the hound. Something hits you.
* * * LOW HITPOINT WARNING * * *
The hound closely misses you.
Unknown command.
You tentacle-slap the hound.
The hound is severely wounded.
You constrict the hound. The hound closely misses you.
The orc wizard gestures wildly while chanting.
The orc wizard seems to speed up.
Something hits you.
* * * LOW HITPOINT WARNING * * *
The hound bites you.
You die...

#########
##########.......#
#..........#####.#
#.#####.#........###
#)###...#...@......#
###..<..#####o#h##.#.#
#...).....#...#...
#.#.##..#.#......Z.#
#.#..........##.##.#
#.#..##.#.##. .. ...
#..... .#.### .## ...
###...... # .# ..
##.#####


You could see a hound, an orc wizard and a leopard gecko skeleton.

Vanquished Creatures
  An orc priest (D:4)
  3 adders
  2 worms
  A dart slug (D:2)
  2 leopard geckos (D:2)
  2 bats (D:1)
  3 giant cockroaches
  6 goblins
  8 hobgoblins
  4 kobolds
  2 quokkas (D:2)
  2 ball pythons
  A frilled lizard (D:1)
  4 rats
41 creatures vanquished.

Notes
Turn   | Place    | Note
-------+----------+-------------------------------------------
     0 | D:1      | FishyPogo the Octopode Transmuter began the quest for the
                  | Orb.
     0 | D:1      | Reached XP level 1. HP: 13/13 MP: 3/3
   493 | D:1      | Reached XP level 2. HP: 18/18 MP: 3/5
   553 | D:1      | Reached skill level 3 in Transmutations
   756 | D:1      | Reached XP level 3. HP: 22/23 MP: 4/6
  1155 | D:1      | Learned a level 3 spell: Spider Form
  1361 | D:2      | Reached skill level 4 in Transmutations
  1709 | D:3      | Reached XP level 4. HP: 28/28 MP: 5/7
  1835 | D:3      | Noticed Robin
  1880 | D:4      | Slain by a hound

Levels and vault maps discovered:
D:1:      onia_arrival_mini_maze_b, layout_rooms
D:2:      layout_basic, kennysheep_path_1, chequers_garden
D:3:      layout_basic, first_ration, uniq_robin
D:4:      layout_loops_cross, temple_statues

Skill      XL: |  1  2  3 |
---------------+----------+-----
Transmutations | 3 4 |  4.9
Fighting       | |  1.0
Dodging        | |  2.0
Unarmed Combat | |  3.0
Spellcasting   | |  2.0

Action                   |  1- 3 |  4- 6 || total
-------------------------+-------+-------++-------
Melee: Unarmed           |    71 |    19 ||    90
       Kick              |    14 |     4 ||    18
       Tentacles         |    13 |     3 ||    16
       Constrict         |    21 |     7 ||    28
       Punch             |     4 |       ||     4
 Cast: Beastly Appendage |    18 |     3 ||    21
 Stab: Sleeping          |     5 |       ||     5
  Eat: Chunk             |     3 |       ||     3
Armor: Skin              |     1 |     1 ||     2
Dodge: Dodged            |    45 |    19 ||    64
